Map: Vaani Research Station (Void)

Players

Amix - Winner!

  • Race: Zerg Zerg
  • League: Platinum
  • Spawn Location: 6:00

Skelletor

  • Race: Zerg Zerg
  • League: Platinum
  • Spawn Location: 12:00

VOD

Have the link to the VOD?

Description

Time

  • Played on: Nov. 28, 2016, 12:06 p.m.
  • Length: 4:12
Show
View Real Time Build Order
Export as new Build Order

Amix Zerg - Winner!

Build Orders: Pool Only 

Get SALT Encoding   

  12  0:01  Drone  
  13  0:22  Spawning Pool  
  13  0:26  Drone  
  13  0:33  Drone  
  14  0:38  Drone, Extractor  
  14  0:46  Overlord  
  14  1:09  Zergling x4  
  14  1:10  Zergling x2  
  17  1:17  Queen  
  19  1:22  Zergling x2  
  20  1:31  Zergling x2  
  21  1:37  Metabolic Boost  
  21  1:41  Zergling x2  
  22  1:52  Overlord  
  22  2:04  Baneling Nest  
  20  2:23  Zergling x4  
  22  2:40  Zergling x8  
  21  2:52  Zergling x2  
  22  3:06  Zergling x2  
  22  3:10  Baneling x4  
  23  3:26  Baneling x3  
  23  3:28  Zergling x4  
  23  3:33  Overlord x2  
Show
View Real Time Build Order
Export as new Build Order

Skelletor Zerg 

Build Orders: Hatch First 

Get SALT Encoding   

  12  0:02  Drone  
  13  0:13  Overlord  
  13  0:24  Drone  
  14  0:35  Drone x2  
  16  0:38  Drone  
  17  0:49  Drone  
  17  1:05  Hatchery  
  17  1:06  Drone  
  17  1:22  Spawning Pool  
  16  1:30  Drone  
  16  1:32  Extractor  
  16  1:33  Drone x2  
  18  1:46  Overlord  
  18  1:52  Drone  
  19  2:12  Spine Crawler  
  16  2:20  Spine Crawler  
  14  2:26  Zergling x4  
  14  2:27  Zergling x2  
  9  2:52  Spine Crawler  
  8  3:03  Zergling x2  
  9  3:10  Zergling x2  
  10  3:17  Drone  
  11  3:27  Drone  
  11  3:31  Drone  
  13  3:40  Drone  
  14  3:47  Drone  
Tags
 
Add a new tag
Caveats
  • Supply blocks, unpowered buildings, or Contaminate may cause inaccurate times.
  • Supply counts are checked every 10 seconds.